AoeStats
← El Fantasma de Pancho Villa

Black Forest

509665574Analyzed
4v4 RM · 4d ago on Sep 27, 2026· 10m 58s· 8 players
Game mode
Random Map
Map size
Large (8 player)
Population
200
Speed
Normal
Resources
Standard
Victory
Conquest
Starting age
Dark Age
Ending age
Imperial Age
RankedLock teamsTeams togetherTeam positionsShared explorationLock speedFull tech treeHidden civsTurbo modeCheats
Victory
Defeat
🇧🇾 Franks · Belarus
1131
+18
🇪🇸 Persians · Spain
1127
+18
🇳🇱 Malians · Netherlands
1125
+18
🇪🇸 Italians · Spain
1086
+20
🇦🇷 Persians · Argentina
1187
-19
🇩🇪 Bohemians · Germany
1183
-19
🇯🇵 Mongols · Japan
1178
-19
🇺🇸 Cumans · United States
1139
-17
spudybudy
0:43 Loom
John Kalztan
5:25 Loom
12:35 Feudal Age
GADIR00th
2:14 Loom
11:12 Feudal Age
Wospenzukh
0:41 Loom
El Fantasma de Pancho Villa
4:10 Loom
happykids
2:12 Loom
LLBHLJ
1:59 Loom
12:52 Feudal Age
Kaiser
Connection lost

Rejoining the realm…

Still unreachable

The connection could not be restored.

Session expired

The server has moved on; the page needs a fresh start.